 Dungeon Crawl Stone Soup version 0.20-a0-848-g73d9be0 (webtiles) character file.

525 Alarkh the Slasher (level 7, 54/54 HPs)
             Began as a Demonspawn Fighter on Mar 9, 2017.
             Quit the game on level 4 of the Dungeon.
             The game lasted 00:03:17 (3967 turns).

Alarkh the Slasher (Demonspawn Fighter)             Turns: 3967, Time: 00:03:18

Health: 54/54      AC:  8    Str: 16    XL:     7   Next: 2%
Magic:  7/7        EV:  6    Int: 12    God:
Gold:   153        SH: 13    Dex: 12    Spells: 6/6 levels left

rFire    . . .     SeeInvis .   a - +1 long sword (pain)
rCold    . . .     Gourm    .   b - +0 scale mail
rNeg     . . .     Faith    +   t - +0 large shield
rPois    .         Spirit   .   (helmet restricted)
rElec    .         Reflect  .   s - +0 cloak
rCorr    .         Harm     .   (no gloves)
MR       .....                  (no boots)
Stlth    ++........             u - amulet of faith
Regen    0.2/turn               (no ring)
MPRegen  0.1/turn               (no ring)

@: no status effects
A: antennae 1, nightstalker 2
a: no special abilities


You were on level 4 of the Dungeon.
You were not hungry.

You visited 1 branch of the dungeon, and saw 4 of its levels.

You collected 153 gold pieces.

Inventory:

Hand Weapons
 a - a +1 long sword of pain (weapon)
 g - a +0 long sword
Armour
 b - a +0 scale mail (worn)
 c - a +0 shield
 s - a +0 cloak (worn)
 t - a +0 large shield (worn)
Jewellery
 u - an amulet of faith (around neck)
Wands
 r - a wand of paralysis (20/24)
Scrolls
 e - a scroll of identify
 i - a scroll of magic mapping
 k - 2 scrolls of fear
 o - a scroll of enchant armour {unknown}
 q - 2 scrolls of teleportation {unknown}
 x - 2 scrolls of amnesia {unknown}
Potions
 d - a potion of might
 j - a potion of cancellation
 l - a potion of resistance
 m - 2 potions of flight
 n - a potion of brilliance
 z - a potion of ambrosia {unknown}
Comestibles
 f - 6 bread rations
 h - a royal jelly
 p - 2 meat rations
 v - 2 fruits
 w - 3 chunks of flesh


   Skills:
 + Level 4.2 Fighting
 * Level 4.3 Long Blades
 + Level 3.6 Armour
 + Level 2.2 Dodging
 + Level 3.9 Shields


You had 6 spell levels left.
You didn't know any spells.

Dungeon Overview and Level Annotations

Branches:
Dungeon (4/15)
 Temple: D:4-7

Altars:
Ashenzari
Qazlal


Innate Abilities, Weirdness & Mutations

You have a pair of small antennae on your head.
You are significantly more attuned to the shadows.


Message History

A worker ant is nearby!
The worker ant twitches its antennae in your direction.
There is a stone staircase leading down here.
You slash the worker ant!
The worker ant is severely wounded.
The worker ant bites you but does no damage.
The worker ant barely misses you.
You slash the worker ant!
You kill the worker ant!
You have reached level 7!
Your demonic ancestry asserts itself...
A pair of antennae grows on your head!
w - 5 chunks of flesh (gained 3)
f - 5 bread rations (gained 1) Some of the chunks of flesh in your inventory have rotted away.
q - 2 scrolls labeled JIMYCHUUNTU (gained 1)
Found a robe.
f - 6 bread rations (gained 1)
Found a stone staircase leading up.
Are you sure you want to abandon this character and quit the game? (Confirm with "yes".)

.####.## #.#,,,,,,,,,........#
#####.####.###############.#####*
................................,
.......###.###############.#####,
.......# #......,,,,............,
.......# #################.#####,
.......# #............#.# *,
..###.##***##............#.# *,
..# *,#,,,,..!..@........#.# *,
..# *,*,,,,..............#.# *,
..# *,*,,,,..............#.# *,
..##*,*,,,,..............#.# *,
...#*,****,..............#.# *,
#..##.****,<...............# *,
#.....,,,,,,,............###****,
#.....,,,,,,,,,,,,........,,,,,,,
#...#.#***,,,,,,,,.[.....##*****,


There were no monsters in sight!

Vanquished Creatures
  Grinder (D:3)
  An orc wizard (D:3)
  4 iguanas (D:4)
  A worker ant (D:4)
  7 adders
  An adder skeleton (D:4)
  A worm (D:2)
  A dart slug (D:2)
  3 leopard geckos
  5 orcs
  A ball python (D:2)
  7 bats
  8 giant cockroaches
  6 goblins
  4 hobgoblins
  17 jackals
  A kobold (D:1)
  2 quokkas
  5 frilled lizards
  A jackal skeleton (D:4)
  13 rats
90 creatures vanquished.

Notes
Turn   | Place    | Note
-------+----------+-------------------------------------------
     0 | D:1      | Alarkh the Demonspawn Fighter began the quest for the Orb.
     0 | D:1      | Reached XP level 1. HP: 18/18 MP: 1/1
   214 | D:1      | Gained mutation: You are slightly more attuned to the shadows. [demonic ancestry]
   214 | D:1      | Reached XP level 2. HP: 24/24 MP: 2/2
   959 | D:2      | Reached XP level 3. HP: 22/29 MP: 3/3
  1658 | D:2      | Reached XP level 4. HP: 35/35 MP: 4/4
  1781 | D:2      | Reached skill level 1 in Dodging
  2560 | D:2      | Found a stormy altar of Qazlal.
  2861 | D:3      | Noticed Grinder
  2877 | D:3      | Killed Grinder
  2877 | D:3      | Reached XP level 5. HP: 6/42 MP: 5/5
  2877 | D:3      | Gained mutation: You are significantly more attuned to the shadows. [demonic ancestry]
  2877 | D:3      | Reached XP level 6. HP: 7/48 MP: 6/6
  3743 | D:4      | Found a shattered altar of Ashenzari.
  3902 | D:4      | Gained mutation: You have a pair of small antennae on your head. [demonic ancestry]
  3902 | D:4      | Reached XP level 7. HP: 54/54 MP: 7/7
  3967 | D:4      | Quit the game

Vault maps used:
D:1:      onia_arrival_larder, minmay_misc_feat_five
D:2:      lemuel_upstairs_altar, minmay_misc_feat_x
D:3:      minmay_misc_feat_alley, uniq_grinder
D:4:      first_bread, grunt_decor_fettered, minmay_misc_feat_columns,
          evilmike_ruin_ashenzari

Skill      XL: |  1  2  3  4  5  6 |
---------------+-------------------+-----
Long Blades    | 2 3 4 |  4.3
Shields        | 3 |  3.9
Dodging        | 2 |  2.2
Armour         | 3 |  3.6
Fighting       | 4 |  4.2

Action                   |  1- 3 |  4- 6 |  7- 9 || total
-------------------------+-------+-------+-------++-------
Melee: Long sword        |   129 |   210 |       ||   339
  Use: Scroll            |     2 |     3 |       ||     5
       Potion            |       |     4 |       ||     4
 Stab: Sleeping          |       |     2 |       ||     2
  Eat: Chunk             |     3 |     7 |       ||    10
Armor: Scale mail        |    70 |    99 |       ||   169
Dodge: Dodged            |    33 |    65 |       ||    98
Block: Shield            |    55 |    80 |       ||   135
       Large shield      |       |    53 |       ||    53
       Rpst.: Long sword |     9 |    24 |       ||    33
